 Dungeon Crawl Stone Soup version 0.31-a0-1338-gb567cfdca4 (webtiles) character file.

Game seed: 8863731981640501665

196 IdlyInterested the Changeling (level 5, 0/40 HPs)
             Began as a Demonspawn Shapeshifter on Dec 21, 2023.
             Slain by a gnoll
             ... wielding a +0 spear
              (2 damage)
             ... on level 4 of the Dungeon.
             The game lasted 00:09:56 (2769 turns).

IdlyInterested the Changeling (DsSh)                Turns: 2769, Time: 00:09:56

Health: 0/40       AC:  9    Str: 14    XL:     5   Next: 46%
Magic:  5/5        EV: 11    Int: 13    God:
Gold:   198        SH:  0    Dex: 12    Spells: 4/4 levels left

rFire   . . .        j - +3 spear
rCold   . . .        (no shield)
rNeg    . . .        p - +0 ring mail
rPois   .            l - melded +0 helmet
rElec   .            t - melded +0 cloak
rCorr   .            (gloves currently unavailable)
SInv    .            (boots currently unavailable)
Will    +....        (no amulet)
Stlth   +            w - +4 ring of protection
HPRegen 0.26/turn    (no ring)
MPRegen 0.18/turn

%: no passive effects
@: beast-form
A: beast (slay +2), hooves 1, magic regeneration, sturdy frame 1, demonic magic
1, strong-willed 1, noise suppression
a: Begin Untransformation


You were on level 4 of the Dungeon.
You were a hulking beast.
You visited 1 branch of the dungeon, and saw 4 of its levels.

You collected 198 gold pieces.

Inventory:

Hand Weapons
 j - a +3 spear (weapon)
 m - a +0 dagger
Missiles
 e - 39 stones
 i - 2 throwing nets
 q - 6 poisoned darts (quivered)
Armour
 a - a +0 animal skin
 l - a +0 helmet (melded)
 p - a +0 ring mail (worn)
 t - a +0 cloak (melded)
 x - a +0 tower shield
Jewellery
 w - a +4 ring of protection (left hand)
Talismans
 c - a beast talisman (active)
 d - a flux talisman
Scrolls
 f - a scroll of poison {unknown}
 g - a scroll of silence {unknown}
 h - a scroll of revelation {unknown}
 k - a scroll of blinking
 r - 2 scrolls of identify {unknown}
 u - 2 scrolls of teleportation {unknown}
 v - a scroll of enchant armour {unknown}
Potions
 b - 3 potions of lignification
 n - a potion of ambrosia {unknown}
 o - a potion of brilliance {unknown}
 s - a potion of attraction


   Skills:
 + Level 2.9 Fighting
 - Level 1.8 Dodging
 - Level 3.0 Unarmed Combat
 * Level 4.5 Shapeshifting


You had 4 spell levels left.
You didn't know any spells.
Your spell library contained the following spells:

 Spells                   Type           Power      Damage    Failure   Level
 Necrotise                Necr           0%         1d4       41%         1
 Mercury Vapours          Alch/Air       0%         N/A       56%         2
 Mephitic Cloud           Conj/Alch/Air  0%         N/A       80%         3
 Vampiric Draining        Necr           0%         2d6       80%         3
 Agony                    Necr           0%         N/A       100%        5
 Freezing Cloud           Conj/Ice/Air   0%         6-21      100%        5


Dungeon Overview and Level Annotations

Branches:
Dungeon (4/15)
 Temple: D:4-7

Altars:
Gozag
Nemelex Xobeh
Okawaru
Xom

Annotations:
D:4 1 transporter


Innate Abilities, Weirdness & Mutations

You are a hulking beast.
Your limbs bulge with bestial killing power. (Slay +2)
You have large cloven feet.
You regenerate magic rapidly.
Your movements are slightly less encumbered by armour. (ER -2)
Spells you cast may paralyse adjacent enemies.
You are strong-willed. (Will+)
You passively dampen the noise of your surroundings.


Message History

You reach to attack!
You hit Blork the orc.
Blork the orc is almost dead.
Blork the orc barely misses you.
Reach: j) +3 spear
Press: ? - help, Dir - move target, f/p - Blork the orc
Aim: Blork the orc, wielding a +0 glaive and wearing a +2 robe of willpower (almost dead, about 31% to evade your +3 spear)
You reach to attack!
You barely miss Blork the orc.
Blork the orc is almost dead.
Blork the orc hits you from afar with a +0 glaive.
* * * LOW HITPOINT WARNING * * *
Reach: j) +3 spear
Press: ? - help, Dir - move target, f/p - Blork the orc
Aim: Blork the orc, wielding a +0 glaive and wearing a +2 robe of willpower (almost dead, about 31% to evade your +3 spear)
You reach to attack!
You hit Blork the orc.
You kill Blork the orc!
You have reached level 5!
Your demonic ancestry asserts itself...
Your feet thicken and deform.
Reach: j) +3 spear
Press: ? - help, Dir - move target, f - gnoll
Aim: a gnoll, wielding a +0 spear (about 30% to evade your +3 spear)
You reach to attack!
You barely miss the gnoll.
The gnoll hits you from afar with a +0 spear.
* * * LOW HITPOINT WARNING * * *
Unknown command.
Reach: j) +3 spear
Press: ? - help, Dir - move target, f/p - gnoll
Aim: a gnoll, wielding a +0 spear (about 30% to evade your +3 spear)
You reach to attack!
You hit the gnoll.
The gnoll is heavily wounded.
The gnoll hits you from afar with a +0 spear.
* * * LOW HITPOINT WARNING * * *
The gnoll hits you with a +0 spear.
* * * LOW HITPOINT WARNING * * *
Things that are here:
a +0 club; a ball python corpse You hit the gnoll.
The gnoll is almost dead.
The gnoll misses you. The gnoll hits you with a +0 spear.
You die...

#....# ####.##.###
.#..g..###..###.....
....................
#..................
###..g.#.....######
###..#.##### ##.#.#
###########.#.#
#......hgg.[#..
#.#########.### ###


You could see 2 gnolls.

Vanquished Creatures
  Blork the orc (D:4)
  4 gnolls
  4 adders
  3 bats
  5 endoplasms
  2 giant cockroaches
  5 goblins
  2 hobgoblins
  2 quokkas
  11 ball pythons
  5 frilled lizards
  3 kobolds
  5 rats
52 creatures vanquished.

Notes
Turn   | Place    | Note
-------+----------+-------------------------------------------
     0 | D:1      | IdlyInterested the Demonspawn Shapeshifter began the quest
                  | for the Orb.
     0 | D:1      | Reached XP level 1. HP: 15/15 MP: 1/1
   233 | D:1      | Gained mutation: Spells you cast may paralyse adjacent
                  | enemies. [demonic ancestry]
   233 | D:1      | Reached XP level 2. HP: 21/21 MP: 2/2
   245 | D:1      | Reached skill level 3 in Shapeshifting
  1081 | D:2      | Gained mutation: You regenerate magic rapidly. [demonic
                  | ancestry]
  1081 | D:2      | Reached XP level 3. HP: 10/26 MP: 3/3
  2160 | D:3      | Gained mutation: Your movements are slightly less
                  | encumbered by armour. (ER -2) [demonic ancestry]
  2160 | D:3      | Reached XP level 4. HP: 33/33 MP: 4/4
  2170 | D:3      | Found an iron altar of Okawaru.
  2179 | D:3      | Found a shimmering altar of Xom.
  2264 | D:3      | Found a sparkling altar of Nemelex Xobeh.
  2265 | D:3      | Found an opulent altar of Gozag.
  2329 | D:3      | Gained mutation: You are strong-willed. (Will+) [potion of
                  | mutation]
  2329 | D:3      | Gained mutation: You passively dampen the noise of your
                  | surroundings. [potion of mutation]
  2332 | D:3      | HP: 1/49 [gnoll/+2 halberd of protection (7)]
  2335 | D:3      | Reached skill level 4 in Shapeshifting
  2700 | D:4      | Found a transporter.
  2705 | D:4      | Noticed a small abomination
  2736 | D:4      | Noticed Blork the orc
  2765 | D:4      | Killed Blork the orc
  2766 | D:4      | Gained mutation: You have large cloven feet. [demonic
                  | ancestry]
  2766 | D:4      | Reached XP level 5. HP: 8/40 MP: 5/5
  2768 | D:4      | HP: 2/40 [gnoll/+0 spear (3)]
  2769 | D:4      | Slain by a gnoll

Illustrated notes

Levels and vault maps discovered:
D:1:      minmay_arrival_open_corners, layout_loops_corners
D:2:      layout_loops_corners
D:3:      layout_rooms, grunt_temple_overflow_opulence,
          mainiacjoe_overflow_alcove_1, general_overflow_altar,
          serial_bayou_lagoon_a
D:4:      layout_basic, slow_altar_2, gammafunk_ghost_abyssal_escape,
          minmay_pentomino_pile, uniq_blork_the_orc

Skill      XL: |  1  2  3  4 |
---------------+-------------+-----
Shapeshifting  | 3 4 |  4.5
Unarmed Combat | 3 |  3.0
Fighting       | 2 |  2.9
Dodging        | |  1.8

Action                     |  1- 3 |  4- 6 || total
---------------------------+-------+-------++-------
  Melee: Unarmed           |    32 |       ||    32
         Spear             |    58 |    43 ||   101
         Punch             |     2 |       ||     2
  Throw: Dart              |       |     6 ||     6
    Use: Potion            |     1 |     2 ||     3
   Stab: Sleeping          |     2 |       ||     2
 Armour: Animal skin       |    26 |       ||    26
         Ring mail         |    12 |    30 ||    42
  Dodge: Dodged            |    56 |    19 ||    75
         Form:             |     2 |       ||     2
         Beast             |     2 |       ||     2
         Flux              |     1 |       ||     1

Table legend: (Time is in decaauts)
 A = Elapsed time spent in this place.
 B = Non-inter-level travel time spent in this place.
 C = Inter-level travel time spent in this place.
 D = Time resting spent in this place.
 E = Time spent auto-exploring this place.
 F = Levels seen in this place.
 G = Mean time per level.
                   A        B        C        D        E       F      G
               +--------+--------+--------+--------+--------+-----+--------+
         Total |   2793 |   2695 |     98 |    267 |   1819 |   4 |  698.2 |
       Dungeon |   2793 |   2695 |     98 |    267 |   1819 |   4 |  698.2 |
               +--------+--------+--------+--------+--------+-----+--------+

Top non-repeatable levels by time:
     D:1: 1039 daAuts
     D:2: 897 daAuts
     D:3: 735 daAuts
     D:4: 120 daAuts
